 Dungeon Crawl Stone Soup version 0.28.0-53-g5a82cb258f (webtiles) character file.

Game seed: 5514842406066005523

63 Ethylacetat the Shooter (level 4, 0/40 HPs)
             Began as a Naga Hunter on May 23, 2022.
             Slain by an iguana (7 damage)
             ... on level 3 of the Dungeon.
             The game lasted 00:05:40 (1918 turns).

Ethylacetat the Shooter (Naga Hunter)               Turns: 1918, Time: 00:05:40

Health: 0/40       AC:  2    Str: 15    XL:     4   Next: 9%
Magic:  4/4        EV:  9    Int: 11    God:
Gold:   84         SH:  0    Dex: 13    Spells: 3/3 levels left

rFire   . . .      SeeInvis +   a - +1 shortbow
rCold   . . .      Faith    .   (shield currently unavailable)
rNeg    . . .      Spirit   .   c - +0 leather armour
rPois   +          Reflect  .   (no helmet)
rElec   .          Harm     .   (no cloak)
rCorr   .          Rampage  .   (no gloves)
Will    .....                   (no barding)
Stlth   ++........              (no amulet)
HPRegen 0.13/turn               (no ring)
MPRegen 0.09/turn               (no ring)

@: short of breath, very slow
A: AC +1, large, see invisible, deformed body, poison resistance, slowness 2,
spit poison 1, naga tail 1
a: Spit Poison


You were on level 3 of the Dungeon.
You visited 1 branch of the dungeon, and saw 3 of its levels.

You collected 84 gold pieces.

Inventory:

Hand Weapons
 a - a +1 shortbow (weapon)
 b - a +0 short sword
Missiles
 d - 77 arrows (quivered ammo)
Armour
 c - a +0 leather armour (worn)
Jewellery
 l - a ring of magical power
Scrolls
 h - a scroll of enchant weapon {unknown}
 i - a scroll of enchant armour {unknown}
 j - a scroll of noise {unknown}
Potions
 e - 2 potions of brilliance {unknown}
 f - 2 potions of lignification {unknown}
 g - a potion of cancellation {unknown}
 k - a potion of heal wounds {unknown}
 m - a potion of curing {unknown}


   Skills:
 + Level 2.9 Fighting
 * Level 4.6 Bows
 - Level 1.5 Dodging
 - Level 1.5 Stealth


You had 3 spell levels left.
You didn't know any spells.
Your spell library contained the following spells:

 Spells                   Type           Power      Damage    Failure   Level
 Portal Projectile        Hex/Tloc       0%         N/A       78%         3
 Tukima's Dance           Hex            0%         N/A       78%         3
 Anguish                  Hex/Necr       0%         N/A       99%         4
 Animate Dead             Necr           0%         N/A       99%         4
 Blade Hands              Tmut           0%         N/A       100%        5
 Excruciating Wounds      Necr           0%         N/A       100%        5
 Enfeeble                 Hex            0%         N/A       100%        7
 Haunt                    Necr/Summ      0%         N/A       100%        7
 Infestation              Necr           0%         N/A       100%        8


Dungeon Overview and Level Annotations

Branches:
Dungeon (3/15)

Altars:
Trog


Innate Abilities, Weirdness & Mutations

Your serpentine skin is tough. (AC +1)
You have supernaturally acute eyesight. (SInv)
Armour fits poorly on your strangely shaped body.
Your system is resistant to poisons. (rPois)
You cover ground very slowly.
You can spit poison.
You have a snake-like lower body.


Message History

The endoplasm is almost dead.
You have got your breath back.
The endoplasm hits you.
You hit the endoplasm.
You kill the endoplasm!
A bat comes into view.
Aiming: Spit Poison (1% risk of failure)
Press: ? - help, Shift-Dir - straight line, f - bat
Aim: a bat (asleep, 100% to hit)
The splash of poison hits the bat.
The bat is poisoned.
You kill the bat!
No target in view!
An iguana comes into view.
The iguana hisses angrily.
You can't do that yet.
Unknown command.
You have got your breath back.
Aiming: Spit Poison (1% risk of failure)
Press: ? - help, Shift-Dir - straight line, f - iguana
Aim: an iguana (65% to hit)
The splash of poison misses the iguana.
The iguana bites you!
You barely miss the iguana. The iguana bites you!
You hit the iguana.
The iguana is lightly wounded.
The iguana closely misses you. The iguana bites you.
You can't do that yet.
a - a +1 shortbow (weapon)
Fire: 78 arrows
Press: ? - help, Q - select action, (/) - cycle Shift-Dir - straight line, f/p - iguana
Aim: an iguana (lightly wounded, 65% to hit)
You shoot an arrow. The arrow barely misses the iguana.
You have got your breath back.
The iguana bites you!
* * * LOW HITPOINT WARNING * * *
Aiming: Spit Poison (1% risk of failure)
Press: ? - help, Shift-Dir - straight line, f/p - iguana
Aim: an iguana (lightly wounded, 65% to hit)
The splash of poison misses the iguana.
The iguana bites you!
You die...

#.# ##.#######
#........#
#..#####.# ###..###
#.# ##......# #.#
........# #.#
####....###.######
#..#.........@#
#........##...l....#
##.########....###.#
#+# #.....# .......#
##.....## #.......
#...#.##


You could see an iguana.

Vanquished Creatures
  An adder (D:2)
  4 dart slugs
  2 bats
  3 endoplasms
  2 giant cockroaches
  12 goblins
  5 hobgoblins
  A quokka (D:3)
  4 ball pythons (D:1)
  3 frilled lizards
  A kobold (D:3)
  2 rats
40 creatures vanquished.

Notes
Turn   | Place    | Note
-------+----------+-------------------------------------------
     0 | D:1      | Ethylacetat the Naga Hunter began the quest for the Orb.
     0 | D:1      | Reached XP level 1. HP: 19/19 MP: 1/1
    26 | D:1      | Found a faded altar of an unknown god.
    78 | D:1      | Reached XP level 2. HP: 26/26 MP: 2/2
   181 | D:1      | Reached skill level 4 in Bows
   832 | D:2      | Reached XP level 3. HP: 30/33 MP: 3/3
  1668 | D:3      | Found a bloodstained altar of Trog.
  1703 | D:3      | Reached XP level 4. HP: 33/40 MP: 4/4
  1918 | D:3      | Slain by an iguana

Illustrated notes

Levels and vault maps discovered:
D:1:      dpeg_arrival_tiny_a, layout_loops_ring,
          nicolae_ecumenical_snake_handling
D:2:      layout_basic, hangedman_feature_mirror
D:3:      layout_loops_corners, trog_hazing_becter

Skill      XL: |  1  2 |
---------------+-------+-----
Bows           | 4 |  4.6
Fighting       | |  2.9
Dodging        | |  1.5
Stealth        | |  1.5

Action                   |  1- 3 |  4- 6 || total
-------------------------+-------+-------++-------
Melee: Short sword       |    61 |    16 ||    77
       Punch             |     1 |       ||     1
 Fire: Shortbow          |     5 |     1 ||     6
 Abil: Spit Poison       |    32 |     5 ||    37
Armor: Leather armour    |    18 |     2 ||    20
Dodge: Dodged            |    38 |     9 ||    47
